AoeStats
← TheGreatKING

Arena

509891309Analyzed
1v1 RM · 4d ago on Sep 28, 2026· 28m 50s· 2 players
Game mode
Random Map
Map size
Tiny (2 player)
Population
200
Speed
Normal
Resources
Standard
Victory
Conquest
Starting age
Dark Age
Ending age
Imperial Age
RankedLock teamsTeams togetherTeam positionsShared explorationLock speedFull tech treeHidden civsTurbo modeCheats
Victory
Defeat
🇹🇷 Turks · Türkiye
1124
+16
🇬🇪 Italians · Georgia
1116
-16
dambo
0:35 Loom
10:20 Feudal Age
11:16 Double-Bit Axe
16:06 Castle Age
14:35 Stone Mining
15:15 Horse Collar
17:58 Fervor
18:20 Squires
26:30 Treadmill Crane
27:10 Fletching
TheGreatKING
0:27 Loom
12:06 Feudal Age
12:58 Double-Bit Axe
17:56 Castle Age
16:25 Horse Collar
27:14 Imperial Age
Connection lost

Rejoining the realm…

Still unreachable

The connection could not be restored.

Session expired

The server has moved on; the page needs a fresh start.